 Dungeon Crawl Stone Soup version 0.26-a0-712-ga5a9c9c9d0 (webtiles) character file.

Game seed: 5406449523665313147

938 kae the Insei (level 8, -7/46 HPs)
             Began as an Octopode Transmuter on Nov 11, 2020.
             Was a Follower of Hepliaklqana.
             Killed by divine providence
             ... invoked by an orc priest
              (13 damage)
             ... on level 6 of the Dungeon.
             The game lasted 00:04:19 (5825 turns).

kae the Insei (Octopode Transmuter)                 Turns: 5825, Time: 00:04:19

Health: -7/46      AC:  2    Str: 11    XL:     8   Next: 12%
Magic:  27/30      EV: 22    Int: 15    God:    Hepliaklqana [*.....]
Gold:   269        SH:  0    Dex: 18    Spells: 4/13 levels left

rFire    . . .     SeeInvis .     - Unarmed
rCold    . . .     Faith    .   (shield currently unavailable)
rNeg     . . .     Spirit   .   (helmet currently unavailable)
rPois    x         Reflect  .   (no amulet)
rElec    .         Harm     .   d - ring of magical power
rCorr    .         Rampage  .   i - ring of magical power
MR       .....                  (no ring)
Stlth    ++........             (no ring)
HPRegen  0.15/turn              (no ring)
MPRegen  0.22/turn              (no ring)
                                (no ring)
                                (no ring)

@: lethally poisoned (-7 -> -52), spider-form (expiring), lightly drained
A: tiny, almost no armour, stealthy swim, (amphibious), 8 rings, (constrict 8),
reduced essence
a: End Transformation, Recall Ancestor, Ancestor Identity, Renounce Religion


You were on level 6 of the Dungeon.
You worshipped Hepliaklqana.
Hepliaklqana was aware of your devotion.
You were a venomous arachnid creature.
You visited 2 branches of the dungeon, and saw 7 of its levels.

You collected 269 gold pieces.

Inventory:

Armour
 r - a +1 hat (melded)
Jewellery
 d - a ring of magical power (left front leg)
 i - a ring of magical power (right front leg)
Wands
 o - a wand of acid (11)
Scrolls
 a - a scroll of amnesia
 b - a scroll of magic mapping
 e - a scroll of remove curse
 f - a scroll of blinking
 l - a scroll of fog
 u - a scroll of fear
Potions
 c - 2 potions of flight
 g - a potion of might
 h - 3 potions of cancellation
 j - 4 potions of stabbing
 m - a potion of brilliance
 n - a potion of degeneration
 p - a potion of ambrosia {unknown}
 s - a potion of mutation {unknown}
 t - a potion of curing


   Skills:
 + Level 3.5(3.4) Fighting
 + Level 3.9 Dodging
 * Level 5.8 Unarmed Combat
 - Level 3.0(2.9) Spellcasting
 * Level 5.3 Transmutations


You had 4 spell levels left.
You knew the following spells:

 Your Spells              Type           Power        Failure   Level
a - Beastly Appendage     Tmut           ###...       9%          1
b - Spider Form           Tmut/Pois      ##........   41%         3
c - Blade Hands           Tmut           ###.......   75%         5

Your spell library contained the following spells:

 Spells                   Type           Power        Failure   Level
 Wereblood                Tmut           ###.....     12%         2
 Ice Form                 Ice/Tmut       ##......     77%         4


Dungeon Overview and Level Annotations

Branches:
Dungeon (6/15)             Temple (1/1) D:4

Altars:
Ashenzari
Cheibriados
Dithmenos
Elyvilon
Fedhas
Gozag
Hepliaklqana
Kikubaaqudgha
Makhleb
Nemelex Xobeh
Okawaru
Qazlal
Ru
Sif Muna
Trog
Uskayaw
Vehumet
Wu Jian
Xom
Yredelemnul
Zin
The Shining One

Annotations:
D:5 exclusions: centaur, 2 ogres and sky beast


Innate Abilities, Weirdness & Mutations

You cannot wear most types of armour.
You are very stealthy in the water. (Stealth+)
((You are amphibious.))
You can wear up to eight rings at the same time.
((You can use your tentacles to constrict eight enemies at once.))
((Your skin changes colour to match your surroundings (Stealth+).))
((Your rubbery body absorbs attacks. (AC +1, EV +1)))
Your life essence is reduced to manifest your ancestor. (-10% HP)


Message History

You hit the orc priest but do no damage.
The orc priest looks as sick as possible!
The orc priest is severely wounded.
You feel sick.
The orc priest hits you with a +0 short sword of venom.
* * * LOW HITPOINT WARNING * * *
You are more poisoned.
You hit the orc priest but do no damage.
The orc priest is severely wounded.
* * * LOW HITPOINT WARNING * * *
You feel very sick. The orc priest barely misses you.
You hit the orc priest.
The orc priest looks as sick as possible!
The orc priest is almost dead.
* * * LOW HITPOINT WARNING * * *
You feel sick.
The orc priest invokes the aid of Beogh against you.
Beogh smites you!
You die...

#.........# #.#
#...#
.........###..#
#...#
........##...#
#...#
............#
#...# .....
#...####...# ...
#..........# #.#
###..###.### #o#
#....#.# #s###
###......# #...#
#..(...### #
#...###...#..# ##
#.........#..####.
#..(..###.##.##..#
##..#.###.##.#.###
#...........##.##
##..#.....#.#.#.#
...#.##....####.


You could see an orc priest (extremely poisoned).

Vanquished Creatures
  Sigmund (D:3)
  2 centaurs
  A water moccasin skeleton (D:4)
  3 bullfrog zombies (D:5)
  3 orc wizards
  A bullfrog skeleton (D:5)
  Crazy Yiuf (D:5)
  An iguana (D:6)
  A hell rat (D:6)
  2 worker ants (D:4)
  8 adders
  A howler monkey skeleton (D:5)
  5 river rats (D:6)
  2 ufetubi
  An adder skeleton (D:6)
  A worm (D:2)
  4 dart slugs
  4 leopard geckos
  6 orcs
  A ball python (D:2)
  5 giant cockroaches
  4 goblins
  10 hobgoblins
  7 jackals
  3 kobolds
  A quokka (D:2)
  3 bats
  4 frilled lizards
  A jackal skeleton (D:5)
  20 rats
107 creatures vanquished.

Vanquished Creatures (others)
  10 fungi (D:1)
  4 toadstools (D:1)
14 creatures vanquished.

Grand Total: 121 creatures vanquished

Notes
Turn   | Place    | Note
-------+----------+-------------------------------------------
     0 | D:1      | kae the Octopode Transmuter began the quest for the Orb.
     0 | D:1      | Reached XP level 1. HP: 13/13 MP: 3/3
   365 | D:1      | Reached XP level 2. HP: 17/18 MP: 3/5
   959 | D:2      | Found a snail-covered altar of Cheibriados.
  1013 | D:2      | Reached XP level 3. HP: 19/23 MP: 4/6
  1021 | D:2      | Learned a level 3 spell: Spider Form
  1183 | D:2      | Found a sacrificial altar of Ru.
  1514 | D:2      | Reached XP level 4. HP: 22/28 MP: 7/7
  2191 | D:3      | Found a blossoming altar of Fedhas.
  2295 | D:3      | Found a hide-covered altar of Uskayaw.
  2701 | D:3      | Noticed Sigmund
  2822 | D:3      | Killed Sigmund
  2822 | D:3      | Reached XP level 5. HP: 34/34 MP: 4/9
  2822 | D:3      | Reached XP level 6. HP: 39/39 MP: 4/10
  3066 | D:4      | Found a staircase to the Ecumenical Temple.
  3491 | Temple   | Entered the Ecumenical Temple
  3739 | Temple   | Became a worshipper of Hepliaklqana the Forgotten
  3842 | D:4      | Found an ancient bone altar of Kikubaaqudgha.
  4439 | D:4      | Reached XP level 7. HP: 35/40 MP: 11/11
  4625 | D:4      | Found a shimmering altar of Xom.
  4768 | D:5      | Entered Level 5 of the Dungeon
  4776 | D:5      | Learned a level 5 spell: Blade Hands
  4786 | D:5      | Found a shimmering blue altar of Sif Muna.
  4889 | D:5      | Reached skill level 5 in Unarmed Combat
  5156 | D:5      | Reached * piety under Hepliaklqana
  5395 | D:5      | Found a broken altar of Ashenzari.
  5513 | D:5      | Found a runed translucent door.
  5514 | D:5      | Noticed Crazy Yiuf
  5523 | D:5      | Killed Crazy Yiuf
  5731 | D:6      | Found the +2 ratskin cloak {*Rats rPois rN+ Str-1 Int-1
                  | Dex+1}
  5732 | D:6      | Reached skill level 5 in Transmutations
  5810 | D:6      | Reached XP level 8. HP: 35/46 MP: 12/12
  5825 | D:6      | Killed from afar by an orc priest

Illustrated notes

Levels and vault maps discovered:
D:1:      wander_arrival_lonely_grave, layout_rooms, minmay_gold_behind_fungi,
          minmay_pentomino_o2
D:2:      layout_rooms, nicolae_ru_awakened_eye, nicolae_overflow_crystal_walls
D:3:      layout_loops_cross, eat_drink_and_be_merry_uskayaw,
          fedhas_ov_isle_minmay, uniq_sigmund
D:4:      layout_loops_cross, kiku_gazebo_pond_becter, kennysheep_mini_moat,
          minmay_temple_entry_grid
D:5:      layout_cave_pools, kennysheep_little_box, basic_altar,
          uniq_crazy_yiuf_cottage
D:6:      wander_guarded_unrand_ratskin, layout_basic,
          nicolae_ossuary_entry_plus, hangedman_abyss_or_decor_slice
Temple:   nicolae_temple_x_marks_the_god

Skill      XL: |  1  2  3  4  5  6  7 |
---------------+----------------------+-----
Fighting       | 2 3 |  3.5
Unarmed Combat | 4 5 |  5.8
Transmutations | 3 4 5 |  5.3
Dodging        | 3 |  3.9
Spellcasting   | 3 |  3.0

Action                   |  1- 3 |  4- 6 |  7- 9 || total
-------------------------+-------+-------+-------++-------
Melee: Unarmed           |    73 |   102 |   109 ||   284
       Constrict         |    26 |    19 |    15 ||    60
       Kick              |    14 |    14 |    13 ||    41
       Tentacles         |     9 |    17 |     7 ||    33
       Punch             |     1 |     2 |     1 ||     4
 Cast: Beastly Appendage |    13 |    14 |    10 ||    37
       Spider Form       |       |     4 |     6 ||    10
  Use: Scroll            |     2 |    11 |     3 ||    16
       Potion            |       |     2 |     3 ||     5
 Stab: Sleeping          |     2 |     3 |     4 ||     9
Armor: Skin              |     7 |     7 |     7 ||    21
Dodge: Dodged            |    40 |    63 |    93 ||   196

Table legend: (Time is in decaauts)
 A = Elapsed time spent in this place.
 B = Non-inter-level travel time spent in this place.
 C = Inter-level travel time spent in this place.
 D = Time resting spent in this place.
 E = Time spent auto-exploring this place.
 F = Levels seen in this place.
 G = Mean time per level.
                   A        B        C        D        E       F      G
               +--------+--------+--------+--------+--------+-----+--------+
         Total |   5804 |   5596 |    208 |   1242 |   3565 |   7 |  829.1 |
       Dungeon |   5545 |   5362 |    183 |   1242 |   3334 |   6 |  924.2 |
        Temple |    258 |    233 |     25 |      0 |    231 |   1 |  258.0 |
               +--------+--------+--------+--------+--------+-----+--------+

Top non-repeatable levels by time:
     D:3: 1383 daAuts
     D:4: 1101 daAuts
     D:2: 1058 daAuts
     D:1: 955 daAuts
     D:5: 892 daAuts
  Temple: 258 daAuts
     D:6: 154 daAuts
